 Dungeon Crawl Stone Soup version 0.27-a0-760-gc38aae387d (webtiles) character file.

Game seed: 770667610660062566

116 polve the Slasher (level 4, -2/35 HPs)
             Began as a Demonspawn Abyssal Knight on Mar 24, 2021.
             Was a Follower of Lugonu.
             Slain by Crazy Yiuf
             ... wielding a +4 quarterstaff of chaos
              (11 damage)
             ... on level 2 of the Dungeon.
             The game lasted 00:01:57 (3232 turns).

polve the Slasher (Demonspawn Abyssal Knight)       Turns: 3232, Time: 00:01:58

Health: -2/35      AC:  7    Str: 12    XL:     4   Next: 70%
Magic:  5/5        EV: 15    Int: 15    God:    Lugonu [*.....]
Gold:   133        SH:  0    Dex: 12    Spells: 3/3 levels left

rFire    . . .     SeeInvis .   e - +0 long sword
rCold    . . .     Faith    .   (no shield)
rNeg     . . .     Spirit   .   h - +0 ring mail
rPois    .         Reflect  .   k - +0 helmet
rElec    .         Harm     .   (no cloak)
rCorr    .         Rampage  .   a - +0 pair of gloves
Will     .....                  (no boots)
Stlth    +.........             (no amulet)
HPRegen  0.11/turn              (no ring)
MPRegen  0.09/turn              (no ring)

@: agile
A: demonic guardian 1, powered by pain 1
a: Renounce Religion, Depart the Abyss


You were on level 2 of the Dungeon.
You worshipped Lugonu.
Lugonu was aware of your devotion.
You visited 1 branch of the dungeon, and saw 2 of its levels.
You visited the Abyss 1 time.

You collected 133 gold pieces.

Inventory:

Hand Weapons
 e - a +0 long sword (weapon)
Armour
 a - a +0 pair of gloves (worn)
 h - a +0 ring mail (worn)
 k - a +0 helmet (worn)
Jewellery
 i - an amulet of magic regeneration
Wands
 d - a wand of iceblast (4)
 j - a wand of random effects (21)
Scrolls
 b - a scroll of fog {unknown}
 c - 2 scrolls of immolation {unknown}
 f - a scroll of blinking {unknown}
 g - 3 scrolls of identify {unknown}
 l - a scroll of fear {unknown}


   Skills:
 - Level 3.0 Fighting
 + Level 4.5 Long Blades
 - Level 1.7 Armour
 - Level 0.8 Dodging
 - Level 2.4 Invocations


You had 3 spell levels left.
You didn't know any spells.
Your spell library was empty.

Dungeon Overview and Level Annotations

Branches:
Dungeon (2/15)

Altars:

Annotations:
D:2 Crazy Yiuf


Innate Abilities, Weirdness & Mutations

A weak demonic guardian rushes to your aid.
You sometimes gain a little power by taking damage.


Message History

You finish putting on your +0 helmet.
Items here: ))))) [ ††.
Items here: ))) †.
There is an open door here.
Key pressed, stopping explore.
There is an open door here.
You see here a +0 dagger.
Found a mace.
Found a runed translucent door.
Crazy Yiuf shouts!
Crazy Yiuf whimpers, "Adder!"
Could not explore, unopened runed door.
Could not explore, unopened runed door.
No reachable target in view!
No reachable target in view!
No reachable target in view!
No reachable target in view!
No reachable target in view!
No reachable target in view!
No reachable target in view!
No reachable target in view!
No reachable target in view!
No reachable target in view!
You open the door.
You aren't carrying any potions.
You aren't carrying any potions.
You hit Crazy Yiuf but do no damage.
Crazy Yiuf hits you with a +4 quarterstaff of chaos!
A demonic guardian appears!
Crazy Yiuf burns you.
You barely miss Crazy Yiuf.
Crazy Yiuf hits you with a +4 quarterstaff of chaos.
Your white imp hits Crazy Yiuf but does no damage.
Crazy Yiuf says, "Adder pontify meccalolo!"
Crazy Yiuf hits you with a +4 quarterstaff of chaos!
* * * LOW HITPOINT WARNING * * *
You feel agile all of a sudden.
You barely miss Crazy Yiuf.
Your white imp gestures at Crazy Yiuf.
The puff of frost hits Crazy Yiuf.
Crazy Yiuf hits you with a +4 quarterstaff of chaos!
You die...

#.#
#.##.....#.....###
###
########.#.......##
#..........# #####
#..........# #)..#
#####......# #...#
#####......# .5.
#...####.... #g#
#...# #.... ♣@♣♣
#...## #.... ♣♣.♣
#....###.... ♣.♣♣
#......#.... ♣♣.♣
#......#.#'# ♣♣.♣♣
#......#.#.# ♣♣PP.♣
#......#.#.# ♣.P..♣
#......#.#.# ##..##
#...####.#<#
###....###...)....###


You could see Crazy Yiuf (ally target) and a friendly white imp (summoned).

Vanquished Creatures
  Robin (D:2)
  2 adders (D:2)
  A dart slug (D:2)
  A ball python (D:1)
  5 endoplasms
  2 giant cockroaches
  9 goblins
  A hobgoblin (D:2)
  4 jackals (D:1)
  A frilled lizard (D:2)
  5 kobolds
  5 rats
37 creatures vanquished.

Vanquished Creatures (collateral kills)
  A kobold brigand (D:2)
  A ball python (D:1)
2 creatures vanquished.

Vanquished Creatures (others)
  2 plants (D:1)
2 creatures vanquished.

Grand Total: 41 creatures vanquished

Notes
Turn   | Place    | Note
-------+----------+-------------------------------------------
     0 | Abyss:1  | polve the Demonspawn Abyssal Knight began the quest for the
                  | Orb.
     0 | Abyss:1  | Reached XP level 1. HP: 18/18 MP: 2/2
    69 | Abyss:1  | Found a corrupted altar of Lugonu.
   187 | Abyss:1  | Found a corrupted altar of Lugonu.
   250 | Abyss:1  | Found a corrupted altar of Lugonu.
   273 | Abyss:1  | Found a corrupted altar of Lugonu.
   303 | Abyss:1  | Found a corrupted altar of Lugonu.
   369 | Abyss:1  | Found a corrupted altar of Lugonu.
   516 | Abyss:1  | Found a corrupted altar of Lugonu.
   634 | Abyss:1  | Noticed a small abomination
   654 | Abyss:2  | Found a corrupted altar of Lugonu.
   681 | Abyss:2  | Noticed a small abomination
   683 | Abyss:2  | Noticed a small abomination
   687 | Abyss:2  | Noticed a wolf spider simulacrum
   698 | Abyss:2  | Noticed a small abomination
   698 | Abyss:2  | Noticed a chaos spawn
   703 | Abyss:2  | Noticed a smoke demon
   708 | D:1      | Escaped the Abyss
   798 | D:1      | Reached skill level 2 in Long Blades
  1149 | D:1      | Gained mutation: A weak demonic guardian rushes to your
                  | aid. [demonic ancestry]
  1149 | D:1      | Reached XP level 2. HP: 24/24 MP: 3/3
  1567 | D:1      | Reached * piety under Lugonu
  1777 | D:2      | Reached skill level 3 in Long Blades
  1944 | D:2      | Gained mutation: You sometimes gain a little power by
                  | taking damage. [demonic ancestry]
  1944 | D:2      | Reached XP level 3. HP: 29/29 MP: 4/4
  1985 | D:2      | Noticed a kobold brigand
  1995 | D:2      | Killed a kobold brigand
  1996 | D:2      | Reached skill level 4 in Long Blades
  1996 | D:2      | Reached XP level 4. HP: 14/35 MP: 5/5
  3028 | D:2      | Noticed Robin
  3046 | D:2      | Killed Robin
  3225 | D:2      | Found a runed translucent door.
  3226 | D:2      | Noticed Crazy Yiuf
  3232 | D:2      | Slain by Crazy Yiuf

Illustrated notes

Levels and vault maps discovered:
D:1:      evilmike_arrival_hilbert_curve, layout_loops_cross,
          serial_bayou_pond_b
D:2:      layout_basic, uniq_crazy_yiuf_cottage, uniq_robin

Skill      XL: |  1  2  3 |
---------------+----------+-----
Long Blades    | 2 3 4 |  4.5
Fighting       | |  3.0
Armour         | |  1.7
Dodging        | |  0.8
Invocations    | |  2.4

Action                   |  1- 3 |  4- 6 || total
-------------------------+-------+-------++-------
Melee: Falchion          |    23 |       ||    23
       Long sword        |    34 |    63 ||    97
Invok: Depart the Abyss  |     1 |       ||     1
  Use: Potion            |     2 |     2 ||     4
Armor: Leather armour    |     6 |       ||     6
       Ring mail         |    11 |    38 ||    49
Dodge: Dodged            |    27 |    36 ||    63
       Rpst.: Falchion   |     5 |       ||     5
       Long sword        |     5 |    12 ||    17

Table legend: (Time is in decaauts)
 A = Elapsed time spent in this place.
 B = Non-inter-level travel time spent in this place.
 C = Inter-level travel time spent in this place.
 D = Time resting spent in this place.
 E = Time spent auto-exploring this place.
 F = Levels seen in this place.
 G = Mean time per level.
                   A        B        C        D        E       F      G
               +--------+--------+--------+--------+--------+-----+--------+
         Total |   3249 |   3229 |     20 |      1 |   2897 |   4 |  812.2 |
       Dungeon |   2547 |   2527 |     20 |      1 |   2236 |   2 | 1273.5 |
         Abyss |    702 |    702 |      0 |      0 |    661 |   2 |  351.0 |
               +--------+--------+--------+--------+--------+-----+--------+

Top non-repeatable levels by time:
     D:2: 1482 daAuts
     D:1: 1064 daAuts
 Abyss:1: 650 daAuts
 Abyss:2: 52 daAuts
